 Dungeon Crawl Stone Soup version 0.23.0 (webtiles) character file.

Game seed: 1400958205211253844

617 gohu the Cleaver (level 7, -6/57 HPs)
             Began as a Minotaur Fighter on Feb 11, 2019.
             Mangled by an orc priest
             ... wielding a +0 dagger of electrocution
              (11 damage)
             ... on level 5 of the Dungeon.
             The game lasted 00:05:35 (3444 turns).

gohu the Cleaver (Minotaur Fighter)                 Turns: 3444, Time: 00:05:36

Health: -6/57      AC:  9    Str: 21    XL:     7   Next: 21%
Magic:  6/6        EV:  7    Int:  5    God:
Gold:   178        SH:  9    Dex: 11    Spells: 6/6 levels left

rFire    . . .     SeeInvis .   a - +0 war axe
rCold    . . .     Gourm    .   c - +0 shield
rNeg     . . .     Faith    .   b - +0 scale mail
rPois    .         Spirit   .   (helmet restricted)
rElec    .         Reflect  .   (no cloak)
rCorr    .         Harm     .   C - +0 pair of gloves
MR       .....                  D - +0 pair of boots
Stlth    ..........             (no amulet)
HPRegen  0.19/turn              (no ring)
MPRegen  0.10/turn              (no ring)

@: no status effects
A: retaliatory headbutt, horns 2
a: no special abilities


You were on level 5 of the Dungeon.
You were not hungry.

You visited 1 branch of the dungeon, and saw 5 of its levels.

You collected 178 gold pieces.

Inventory:

Hand Weapons
 a - a +0 war axe (weapon)
 y - a +1 morningstar of holy wrath
Missiles
 g - 9 tomahawks (quivered)
Armour
 b - a +0 scale mail (worn)
 c - a +0 shield (worn)
 C - a +0 pair of gloves (worn)
 D - a +0 pair of boots (worn)
Jewellery
 e - an uncursed ring of see invisible {unknown}
 h - an uncursed ring of fire {unknown}
 o - an uncursed ring of flight {unknown}
 s - a +5 ring of evasion {unknown}
Scrolls
 j - 6 scrolls of remove curse {unknown}
 k - 4 scrolls of teleportation {unknown}
 n - a scroll of magic mapping {unknown}
 p - a scroll of identify {unknown}
 t - a scroll of amnesia {unknown}
 v - a scroll of immolation {unknown}
 x - a scroll of fear {unknown}
 z - a scroll of random uselessness {unknown}
 A - a scroll of blinking {unknown}
 B - a scroll of fog {unknown}
Potions
 d - a potion of might
 i - 3 potions of curing {unknown}
 l - a potion of brilliance {unknown}
 m - a potion of agility {unknown}
 q - a potion of berserk rage {unknown}
 r - a potion of cancellation {unknown}
 u - 2 potions of heal wounds {unknown}
Comestibles
 f - 9 rations
 w - 5 chunks of flesh


   Skills:
 - Level 3.6 Fighting
 * Level 9.6 Axes
 - Level 3.6 Armour
 - Level 3.6 Shields


You had 6 spell levels left.
You didn't know any spells.
Your spell library was empty.

Dungeon Overview and Level Annotations

Branches:
Dungeon (5/15)
 Temple: D:4-7

Altars:
Fedhas
Ru


Innate Abilities, Weirdness & Mutations

You reflexively headbutt those who attack you in melee.
You have a pair of horns on your head.


Message History

You are electrocuted!
You are too injured to fight recklessly!
Your shield and scale mail prevent you from hitting the orc priest.
You headbutt the orc priest.
The orc priest is moderately wounded.
The orc priest hits you but does no damage.
You are electrocuted!
* * * LOW HITPOINT WARNING * * *
You barely miss the orc priest.
You headbutt the orc priest, but do no damage.
The orc priest is moderately wounded.
You block the orc priest's attack.
You completely miss the orc priest. You headbutt the orc priest.
The orc priest is heavily wounded.
The orc priest barely misses you.
You barely miss the orc priest.
The orc priest is heavily wounded.
The orc priest hits you but does no damage.
You are electrocuted!
You die...

........#....#รท...#......#
#.##########+#....#......#
#.# .........)#......# ...
..........'......# ...
..........#.(....# ...
..........#..##..# ...#
...(......##### #
..............#
........@.....#
#+####o##....# ... ....#
..... ..!.# ....... ....#
....... ...# ....##. ..#
#... ##


You could see an orc priest.

Vanquished Creatures
  2 ogres
  2 scorpions (D:4)
  A howler monkey (D:4)
  An orc priest (D:4)
  2 orc wizards
  A hound (D:3)
  An iguana (D:4)
  A worker ant (D:4)
  2 adders
  A shadow imp (D:5)
  2 oozes
  An adder skeleton (D:4)
  5 worms
  A dart slug (D:1)
  9 leopard geckos
  5 orcs
  3 ball pythons
  6 giant cockroaches
  2 goblins
  10 hobgoblins
  4 quokkas
  10 bats
  6 frilled lizards
  5 kobolds
  A quokka zombie (D:5)
  7 rats
91 creatures vanquished.

Notes
Turn   | Place    | Note
-------+----------+-------------------------------------------
     0 | D:1      | gohu the Minotaur Fighter began the quest for the Orb.
     0 | D:1      | Reached XP level 1. HP: 19/19 MP: 0/0
    20 | D:1      | Reached skill level 3 in Axes
    35 | D:1      | Reached XP level 2. HP: 25/26 MP: 1/1
    82 | D:1      | Reached skill level 4 in Axes
   142 | D:1      | Reached XP level 3. HP: 25/31 MP: 2/2
   670 | D:2      | Reached skill level 5 in Axes
   728 | D:2      | Found a sacrificial altar of Ru.
   863 | D:2      | Reached XP level 4. HP: 39/39 MP: 3/3
  1205 | D:3      | Reached skill level 6 in Axes
  1473 | D:3      | Found a blossoming altar of Fedhas.
  2029 | D:3      | Reached XP level 5. HP: 45/45 MP: 4/4
  2043 | D:4      | Reached skill level 7 in Axes
  2069 | D:4      | Reached XP level 6. HP: 27/51 MP: 5/5
  2278 | D:4      | Reached skill level 8 in Axes
  2536 | D:4      | Reached skill level 9 in Axes
  3271 | D:5      | Entered Level 5 of the Dungeon
  3296 | D:5      | Reached XP level 7. HP: 46/57 MP: 6/6
  3444 | D:5      | Mangled by an orc priest

Skill      XL: |  1  2  3  4  5  6 |
---------------+-------------------+-----
Axes           | 3 4 5 6 7 9 |  9.6
Fighting       | |  3.6
Armour         | |  3.6
Shields        | |  3.6

Action                   |  1- 3 |  4- 6 |  7- 9 || total
-------------------------+-------+-------+-------++-------
Melee: War axe           |    84 |   103 |    26 ||   213
       Headbutt          |     8 |    17 |     8 ||    33
Throw: Tomahawk          |       |     8 |     1 ||     9
  Eat: Chunk             |       |     6 |     2 ||     8
Armor: Scale mail        |    34 |    25 |     8 ||    67
Dodge: Dodged            |    30 |    34 |     9 ||    73
Block: Shield            |    45 |    45 |     9 ||    99
